General information
- name: BNet
- type: Ladder 1vs1/FFA
- host: Battle.net
- saver: Oster
map: MeltingValley
- players: 2
- length: 142:36
- speed: Fast
- version: 1.26 W3XP
- replay type: Public
» download(304 KB)
Players
team 1 (loser)

»
porkchop2010 (
orange | 16 APM | 2185 actions | 137:52)
6 Crypt Lord
1 Carrion Beetles
3 Impale
1 Spiked Carapace
1 Locust Swarm
4 Naga Sea Witch
2 Forked Lightning
2 Frost Arrows
» actions
| Basic commands | 47 | |
| Build / train | 167 | |
| Enter build submenu | 42 | |
| Enter hero's abilities submenu | 11 | |
| Give item / drop item | 2 | |
| Right click | 863 | |
| Select / deselect | 868 | |
| Use ability | 185 | |
2185 total
» units
| Acolyte | 24 | |
| Ghoul | 26 | |
| Crypt Fiend | 22 | |
| Obsidian Statue | 4 | |
| Necromancer | 11 | |
| Meatwagon | 5 | |
| Frost Wyrm | 8 | |
| Forest Troll Shadow Priest | 3 | |
| Forest Troll Berserker | 2 | |
| Goblin Zeppelin | 1 | |
| Abomination | 1 | |
107 total
» upgrades
| Unholy Strength | 2 | |
| Creature Attack | 1 | |
| Creature Carapace | 1 | |
| Unholy Armor | 2 | |
| Burrow | 1 | |
| Web | 1 | |
| Skeletal Longevity | 1 | |
| Necromancer Training | 2 | |
| Freezing Breath | 1 | |
| Skeletal Mastery | 1 | |
| Disease Cloud | 1 | |
| Ghoul Frenzy | 1 | |
15 total
» buildings
| Tomb of Relics | 1 | |
| Crypt | 2 | |
| Ziggurat | 20 | |
| Altar of Darkness | 1 | |
| Graveyard | 2 | |
| Halls of the Dead | 2 | |
| Slaughterhouse | 2 | |
| Nerubian Tower | 8 | |
| Spirit Tower | 11 | |
| Temple of the Damned | 1 | |
| Sacrificial Pit | 2 | |
| Black Citadel | 1 | |
| Boneyard | 1 | |
| Necropolis | 1 | |
55 total
» build order
00:25 Tomb of Relics
00:36 Crypt
00:48 Ziggurat
01:03 Altar of Darkness
01:27 Ziggurat
02:25 Ziggurat
03:15 Graveyard
04:50 Halls of the Dead
05:35 Ziggurat
07:55 Slaughterhouse
07:58 Nerubian Tower
08:02 Ziggurat
09:38 Spirit Tower
09:40 Nerubian Tower
10:41 Ziggurat
12:02 Spirit Tower
12:11 Temple of the Damned
13:01 Sacrificial Pit
17:23 Nerubian Tower
18:21 Black Citadel
18:32 Ziggurat
18:47 Ziggurat
18:53 Ziggurat
19:36 Spirit Tower
19:49 Spirit Tower
19:51 Nerubian Tower
21:09 Boneyard
21:29 Ziggurat
21:35 Ziggurat
22:44 Spirit Tower
24:54 Nerubian Tower
50:31 Necropolis
50:43 Ziggurat
51:41 Ziggurat
53:19 Nerubian Tower
53:20 Nerubian Tower
54:42 Crypt
54:59 Ziggurat
55:36 Ziggurat
55:49 Graveyard
55:53 Nerubian Tower
56:41 Ziggurat
57:06 Ziggurat
57:36 Spirit Tower
58:06 Spirit Tower
58:26 Spirit Tower
60:20 Halls of the Dead
60:50 Ziggurat
62:27 Spirit Tower
63:11 Sacrificial Pit
63:56 Ziggurat
65:04 Slaughterhouse
65:21 Spirit Tower
68:24 Ziggurat
69:26 Spirit Tower
» items
| Rod of Necromancy | 1 | |
| Sacrificial Skull | 1 | |
| Orb of Corruption | 2 | |
| Potion of Mana | 2 | |
| Potion of Healing | 3 | |
| Potion of Lesser Invulnerability | 1 | |
| Scroll of Town Portal | 1 | |
11 total
team 2 (winner)
Oster (
blue | 35 APM | 4932 actions | 142:36)
8 Goblin Alchemist
3 Acid Bomb
3 Healing Spray
1 Chemical Rage
1 Transmute
9 Archmage
3 Summon Water Elemental
3 Brilliance Aura
2 Blizzard
1 Mass Teleport
2 Paladin
1 Divine Shield
1 Holy Light
» actions
| Assign group hotkey | 64 | |
| Basic commands | 444 | |
| Build / train | 208 | |
| ESC pressed | 4 | |
| Enter build submenu | 93 | |
| Enter hero's abilities submenu | 22 | |
| Give item / drop item | 29 | |
| Right click | 1886 | |
| Select / deselect | 1196 | |
| Select group hotkey | 420 | |
| Use ability | 566 | |
4932 total
» units
| Peasant | 30 | |
| Rifleman | 12 | |
| Priest | 2 | |
| Forest Troll Berserker | 1 | |
| Dragonhawk Rider | 3 | |
| Sorceress | 1 | |
| Siege Engine | 4 | |
| Flying Machine | 2 | |
| Goblin Zeppelin | 1 | |
56 total
» upgrades
| Gunpowder | 3 | |
| Masonry | 3 | |
| Lumber Harvesting | 2 | |
| Priest Training | 2 | |
| Sorceress Training | 2 | |
| Magic Sentry | 1 | |
| Long Rifles | 1 | |
| Armor | 3 | |
| Animal War Training | 1 | |
| Cloud | 1 | |
| Storm Hammers | 1 | |
| Swords | 3 | |
| Plating | 3 | |
| Barrage | 1 | |
| Flak Cannons | 1 | |
| Flying Machine Bombs | 1 | |
29 total
» buildings
| Barracks | 1 | |
| Blacksmith | 1 | |
| Farm | 77 | |
| Altar of Kings | 2 | |
| Scout Tower | 53 | |
| Town Hall | 4 | |
| Arcane Tower | 5 | |
| Arcane Vault | 1 | |
| Lumber Mill | 5 | |
| Keep | 1 | |
| Castle | 1 | |
| Arcane Sanctum | 2 | |
| Guard Tower | 10 | |
| Gryphon Aviary | 3 | |
| Workshop | 4 | |
| Cannon Tower | 1 | |
171 total
» build order
00:12 Barracks
00:17 Blacksmith
00:20 Farm
01:13 Farm
01:50 Altar of Kings
02:27 Farm
03:19 Farm
03:37 Scout Tower
03:58 Town Hall
04:01 Scout Tower
04:21 Arcane Tower
04:29 Arcane Tower
04:34 Arcane Vault
05:44 Lumber Mill
06:13 Farm
06:54 Keep
09:15 Castle
09:18 Arcane Sanctum
09:19 Arcane Sanctum
11:52 Scout Tower
11:53 Scout Tower
11:56 Scout Tower
11:57 Scout Tower
12:07 Scout Tower
12:07 Scout Tower
12:08 Scout Tower
12:10 Scout Tower
12:41 Guard Tower
12:58 Guard Tower
13:11 Farm
13:12 Farm
13:15 Farm
13:16 Farm
13:44 Guard Tower
14:45 Lumber Mill
16:03 Guard Tower
16:41 Farm
21:58 Scout Tower
22:00 Scout Tower
24:11 Guard Tower
24:45 Altar of Kings
27:10 Gryphon Aviary
27:13 Gryphon Aviary
27:15 Gryphon Aviary
28:45 Scout Tower
29:20 Arcane Tower
32:06 Scout Tower
34:06 Town Hall
34:10 Scout Tower
34:10 Scout Tower
34:11 Scout Tower
34:12 Scout Tower
35:21 Arcane Tower
39:12 Workshop
39:13 Workshop
39:19 Workshop
40:13 Workshop
49:06 Town Hall
49:10 Scout Tower
49:11 Scout Tower
49:12 Scout Tower
49:43 Guard Tower
49:45 Scout Tower
51:25 Scout Tower
51:26 Scout Tower
51:33 Guard Tower
51:33 Guard Tower
52:06 Guard Tower
55:15 Town Hall
55:46 Scout Tower
56:33 Arcane Tower
63:09 Farm
76:16 Farm
76:17 Farm
76:18 Farm
76:19 Farm
76:20 Farm
77:13 Farm
77:14 Farm
77:15 Farm
77:22 Farm
77:23 Farm
77:24 Farm
77:33 Farm
78:16 Farm
79:04 Scout Tower
79:05 Scout Tower
79:06 Scout Tower
79:07 Scout Tower
79:12 Farm
79:13 Farm
79:29 Farm
79:30 Farm
79:31 Farm
79:32 Farm
80:10 Farm
80:12 Farm
80:19 Farm
80:58 Farm
80:59 Farm
80:59 Farm
81:00 Farm
81:09 Farm
81:12 Scout Tower
81:13 Scout Tower
81:30 Farm
81:31 Farm
81:33 Farm
81:34 Farm
82:58 Farm
82:59 Farm
82:59 Farm
83:03 Farm
83:04 Farm
83:06 Farm
83:07 Farm
83:09 Farm
83:10 Farm
83:12 Farm
83:14 Farm
83:14 Farm
83:17 Farm
84:35 Farm
84:36 Farm
84:37 Farm
84:39 Farm
84:40 Farm
84:40 Farm
84:42 Farm
84:42 Farm
84:43 Farm
84:44 Farm
84:46 Farm
84:47 Farm
85:26 Farm
85:27 Farm
85:35 Farm
85:37 Farm
85:38 Farm
85:39 Farm
85:42 Farm
85:47 Farm
85:48 Farm
85:52 Scout Tower
85:53 Scout Tower
85:57 Scout Tower
85:58 Scout Tower
86:10 Farm
86:45 Lumber Mill
87:06 Lumber Mill
87:27 Scout Tower
87:28 Scout Tower
87:51 Lumber Mill
88:52 Scout Tower
88:53 Scout Tower
88:54 Scout Tower
93:29 Scout Tower
93:29 Scout Tower
120:47 Scout Tower
120:47 Scout Tower
120:49 Scout Tower
120:50 Scout Tower
120:50 Scout Tower
120:51 Scout Tower
120:53 Scout Tower
120:53 Scout Tower
120:54 Scout Tower
120:55 Scout Tower
126:58 Scout Tower
136:32 Cannon Tower
» items
| Lesser Clarity Potion | 10 | |
| Mechanical Critter | 3 | |
| Scroll of Regeneration | 10 | |
| Periapt of Vitality | 4 | |
| Boots of Speed | 3 | |
| Potion of Mana | 6 | |
| Staff of Sanctuary | 3 | |
| Potion of Invisibility | 9 | |
| Tome of Retraining | 2 | |
| Potion of Healing | 5 | |
| Scroll of Town Portal | 12 | |
| Potion of Lesser Invulnerability | 4 | |
| Staff of Teleportation | 1 | |
72 total
Chat log
(15:11 / All) Oster: thanks
(16:23 / All) Oster: can i have some more
(17:49 / All) Oster: thx
(19:35 / All) Oster: lol attack moving
(20:35 / All) Oster: yum crypt fends
(20:37 / All) Oster: fiends
(21:04 / All) Oster: worth it?
(21:12 / All) Oster: you killed a lvl 2 hero to put a level on my alchemist
(22:19 / All) Oster: feed me
(22:40 / All) Oster: mmm
(22:42 / All) Oster: tasty
(22:55 / All) Oster: still hungry
(24:15 / All) Oster: LOL
(24:46 / All) Oster: oh noes
(24:50 / All) Oster: you cost me 180 gold)
(26:32 / All) Oster: more plz
(26:36 / All) Oster: stil hungry
(26:56 / All) Oster: mm good
(26:57 / All) Oster: MOAR
(27:19 / All) Oster: make bone dragons pls
(27:26 / All) Oster: hey
(27:27 / All) Oster: hey
(27:31 / All) Oster: youre attacking an empty gold mine
(29:18 / All) Oster: frost wyrms pls
(29:23 / All) Oster: YAY
(29:31 / All) Oster: HUNGRY ALCHEMIST
(29:33 / All) Oster: NEEDS FOOD
(29:39 / All) Oster: omg
(29:40 / All) Oster: you noob
(29:42 / All) Oster: you let it die
(30:01 / All) Oster: make more
(30:10 / All) Oster: BECAUSE ALCHEMIST WILLS IT SO
(31:22 / All) Oster: BOOM
(31:49 / All) Oster: dont leave
(31:57 / All) Oster: pls
(33:21 / All) Oster: aww
(33:21 / All) Oster: lol
(33:46 / All) Oster: meh more ups for my alchemist
(33:56 / All) Oster: i mean my archmage
(34:00 / All) Oster: my alchemist is HUNGRY
(35:25 / All) porkchop2010: you suck big mouth
(35:27 / All) Oster: LOL
(35:31 / All) porkchop2010: you suck big mouth
(35:32 / All) Oster: after i let you have a 2nd gold mine
(35:37 / All) Oster: you have to try to talk shit
(35:53 / All) Oster: and not very well
(35:54 / All) porkchop2010: toyed with you ...let you talk
(35:58 / All) Oster: lol
(36:03 / All) Oster: you "toyed with me"
(36:11 / All) Oster: by giving me a lvl 6 alchemist and archmage
(36:12 / All) Oster: nice
(36:22 / All) porkchop2010: they are dead moron
(36:25 / All) Oster: no
(36:26 / All) Oster: he's quite alive
(36:29 / All) Oster: and you never killed my mage
(36:37 / All) porkchop2010: alchemist wandering big deal ineffective
(36:39 / All) Oster: nice face-saving...
(38:16 / All) Oster: my poor dead alchemist
(38:17 / All) Oster: lol
(38:50 / All) Oster: Wow you finally got a fiend
(39:03 / All) Oster: the only ud strat anyone knows
(40:02 / All) Oster: yoink
(42:17 / All) Oster: yawn
(42:29 / All) porkchop2010: yup
(42:58 / All) Oster: so easy
(44:25 / All) Oster: lol
(44:30 / All) Oster: PLZ STOP TOYING WITH ME
(44:32 / All) Oster: I CANT TAKE IT ANYMORE
(44:52 / All) Oster: THIS WAS ALL PART OF YOUR MASTER PLAN
(45:25 / All) Oster: PLEASE STOP
(45:26 / All) Oster: I CANT TAKE IT
(46:32 / All) Oster: lol unsummon
(46:45 / All) Oster: all part of "toying with me"?
(46:51 / All) Oster: :D
(46:59 / All) porkchop2010: yup
(47:01 / All) Oster: LMFAO
(47:22 / All) Oster: dumbass foreigners try to save face
(47:23 / All) Oster: so funny
(47:33 / All) Oster: here ill let you keep it
(47:48 / All) Oster: god youre so fucking dumb
(47:58 / All) Oster: you dont even know how i teleport in do you
(48:32 / All) Oster: hey
(48:32 / All) Oster: hey
(48:36 / All) Oster: if youre toying with me
(48:37 / All) Oster: please end it
(48:47 / All) Oster: FAIL STUN
(48:53 / All) Oster: youre so bad you cant even play dota
(49:38 / All) Oster: FAIL SURROUND
(49:41 / All) Oster: lol
(51:02 / All) Oster: FAIL
(51:06 / All) Oster: damn you suck
(51:20 / All) Oster: cant even land a stun when im not dodging
(52:12 / All) Oster: you know i can end it any time i want right?
(52:24 / All) porkchop2010: bring it
(52:26 / All) Oster: LOL
(52:41 / All) Oster: i can just teleport onto a critter with 20 siege engines
(52:46 / All) Oster: because youre too dumb to kill it
(52:52 / All) Oster: now how is that "toying with me"?
(52:55 / All) Oster: id like to know
(53:10 / All) porkchop2010: did you win yet?
(53:13 / All) Oster: me?
(53:14 / All) Oster: win?
(53:21 / All) Oster: i hadnt even thought about winning lol
(53:28 / All) Oster: i kept your temple alive until you got that gold mine down
(53:44 / All) Oster: if im trying to keep you in the game for my own amusement, why would i worry about winning?
(53:50 / All) Oster: damn
(53:54 / All) Oster: that didnt even get you lvl 6
(54:09 / All) Oster: i want to see what your big plan is for using that ult
(54:20 / All) porkchop2010: are you a woman
(54:25 / All) porkchop2010: you talk alot
(54:29 / All) Oster: you suck a lot
(54:30 / All) porkchop2010: senseless
(54:33 / All) Oster: you must be a prostitute with herpes
(54:49 / All) Oster: unable to use your pussy for a living so you just rely on your mouth
(55:07 / All) Oster: if i hadnt talked, how would you know about that critter?
(55:12 / All) Oster: you're too dumb to kill it yourself
(55:24 / All) porkchop2010: dont need to...youve done nothing
(55:28 / All) Oster: LOL
(55:28 / All) porkchop2010: run alot
(55:35 / All) Oster: is that why you killed it?
(56:20 / All) Oster: WASTED ult
(56:21 / All) Oster: lol
(58:44 / All) Oster: yoink
(58:47 / All) Oster: STUN HIM
(58:48 / All) Oster: STUN HIM
(58:50 / All) Oster: NOOOOOO
(58:51 / All) Oster: lol
(59:42 / All) Oster: LAWL
(59:46 / All) Oster: ooh lvl 9
(61:33 / All) Oster: so slow
(62:01 / All) Oster: huh
(62:07 / All) porkchop2010: dead
(62:07 / All) Oster: forgot blizzard cancels invulnerability
(62:19 / All) Oster: thank you blizzard patch team
(62:22 / All) Oster: oh well he did his job
(62:33 / All) Oster: and served his race proudly
(62:56 / All) Oster: proudly i say!
(63:55 / All) Oster: mmm
(66:09 / All) Oster: damn youre slow as molasses going up a 2 year olds ass
(66:16 / All) Oster: how do you hold a job like that?
(67:27 / All) Oster: youre really gonna try to siege?
(67:28 / All) Oster: lol
(68:47 / All) Oster: woohoo
(69:13 / All) Oster: just imagine if i took my siege engines with me
(69:29 / All) Oster: hey
(69:31 / All) Oster: start mining
(69:33 / All) Oster: get back to work
(70:39 / All) Oster: hmm i grow tired of these monkeyshines
(70:51 / All) Oster: invul potion?
(70:52 / All) Oster: o.O
(71:37 / All) Oster: too
(71:38 / All) Oster: too e
(71:39 / All) Oster: easy
(72:10 / All) Oster: thats your pla?
(72:12 / All) Oster: plan
(72:13 / All) Oster: lol
(72:25 / All) Oster: dumbest shit i ever saw
(72:45 / All) Oster: why are you so bad?
(73:05 / All) Oster: tp
(73:07 / All) Oster: BUT WHERE
(73:24 / All) Oster: WHERE TO TP
(73:28 / All) Oster: AAAH
(73:36 / All) Oster: LOOL
(73:47 / All) Oster: how can you be so bad at undead?
(73:50 / All) Oster: theyre so easy to play
(73:57 / All) Oster: and) its not like youre new at the game
(74:02 / All) Oster: youve played over a thousand games
(74:05 / All) Oster: a THOUSAND
(74:15 / All) Oster: how can you suck so bad?
(74:54 / All) Oster: and youre still trying
(75:03 / All) Oster: LOL
(75:10 / All) Oster: you cant win man
(75:12 / All) Oster: you never could
(75:16 / All) Oster: just leave
(76:45 / All) Oster: make more units please
(76:48 / All) Oster: my alchemist is HUNGRY
(76:59 / All) Oster: i got so much gold from you already
(77:06 / All) Oster: but he hungers for MOAR
(77:48 / All) Oster: get that acolyte building
(77:57 / All) Oster: i let you have access to two gold mines
(78:01 / All) Oster: how can you not have gold?
(79:11 / All) porkchop2010: dude... i just got back from a shit... you still cant finish... you suck!
(79:15 / All) Oster: LOL
(79:23 / All) Oster: you must have shit for brains to think i cant finish it
(79:25 / All) Oster: now leave
(79:46 / All) Oster: care too much about your shitty record to leave?
(79:50 / All) Oster: or afraid of losing face?
(80:01 / All) Oster: i mean damn, your game count screams "virgin"
(80:07 / All) Oster: so its not like you have anything better to do
(80:23 / All) Oster: your name also makes you sound fat
(81:06 / All) Oster: are you a fat lil piggy?
(81:26 / All) Oster: if youre not a fat little piggy say so now
(81:48 / All) Oster: times up, piggy